 Dungeon Crawl Stone Soup version 0.23.2-40-g277498a (webtiles) character file.

Game seed: 13232278576879743652

3689 BoppinsLewinski the Schismatic (level 9, -1/69 HPs)
             Began as a Demonspawn Abyssal Knight on Sept 30, 2019.
             Was an Elder of Lugonu.
             Killed from afar by Erica (2 damage)
             ... with a bolt of poison
             ... on level 9 of the Dungeon.
             The game lasted 00:31:18 (11087 turns).

BoppinsLewinski the Schismatic (DsAK)              Turns: 11087, Time: 00:31:19

Health: -1/69      AC: 16    Str: 15    XL:     9   Next: 90%
Magic:  0/14       EV:  8    Int: 15    God:    Lugonu [****..]
Gold:   344        SH:  0    Dex: 14    Spells: 8/8 levels left

rFire    + . .     SeeInvis .   l - +0 scythe
rCold    + . .     Gourm    .   (shield currently unavailable)
rNeg     . . .     Faith    .   o - +2 chain mail {rC+}
rPois    +         Spirit   +   (no helmet)
rElec    .         Reflect  .   n - +0 cloak
rCorr    .         Harm     .   e - +0 pair of gloves
MR       .....                  (no boots)
Stlth    ..........             (no amulet)
HPRegen  0.21/turn              j - ring of protection from fire
MPRegen  0.14/turn              (no ring)

@: lethally poisoned (-1 -> -5)
A: thin metallic scales 1, agile 1, blurry vision 1, demonic guardian 2, poison
resistance, screaming 1, magic shield
a: Depart the Abyss, Bend Space, Banish, Corrupt, Renounce Religion


You were on level 9 of the Dungeon.
You worshipped Lugonu.
Lugonu was greatly pleased with you.
You were not hungry.

You visited 1 branch of the dungeon, and saw 9 of its levels.
You visited the Abyss 1 time.

You collected 453 gold pieces.
You spent 109 gold pieces at shops.

Inventory:

Hand Weapons
 l - a +0 scythe (weapon)
Armour
 e - a +0 pair of gloves (worn)
 h - a +0 chain mail
 n - a +0 cloak (worn)
 o - a +2 chain mail of cold resistance (worn)
Jewellery
 j - a ring of protection from fire (left hand)
Wands
 d - a wand of iceblast (11)
 w - a wand of paralysis (20)
 y - a wand of enslavement (6)
Scrolls
 f - 4 scrolls of remove curse
 i - 2 scrolls of immolation
 k - a scroll of fear
 m - 2 scrolls of enchant armour
 p - a scroll of identify
 r - 3 scrolls of teleportation
 s - a scroll of summoning {unknown}
 t - 2 scrolls of enchant weapon {unknown}
 u - a scroll of noise {unknown}
Potions
 g - a potion of agility
Comestibles
 c - 9 rations
 x - a chunk of flesh


   Skills:
 + Level 6.3 Fighting
 * Level 7.4 Polearms
 + Level 5.2 Armour
 + Level 4.9 Dodging
 + Level 7.4 Invocations
 + Level 4.5 Evocations


You had 8 spell levels left.
You didn't know any spells.
Your spell library contained the following spells:

 Spells                   Type           Power        Failure   Level  Hunger
 Confusing Touch          Hex            #.....       99%         1    ##.....
 Magic Dart               Conj           #...         99%         1    ##.....
 Blink                    Tloc           N/A          100%        2    ###....
 Call Imp                 Summ           #.......     100%        2    ###....
 Searing Ray              Conj           #.....       100%        2    ###....
 Slow                     Hex            #.......     100%        2    ###....
 Confuse                  Hex            #.......     100%        3    ####...
 Conjure Flame            Conj/Fire      #.......     100%        3    ####...
 Dazzling Spray           Conj/Hex       #.....       100%        3    ####...
 Gell's Gravitas          Tloc           #.........   100%        3    ####...
 Mephitic Cloud           Conj/Pois/Air  #.......     100%        3    ####...
 Cause Fear               Hex            #.........   100%        4    #####..
 Force Lance              Conj/Tloc      #.......     100%        4    #####..
 Fulminant Prism          Conj/Hex       #.........   100%        4    #####..
 Iskenderun's Mystic Bla  Conj           #.......     100%        4    #####..
 Petrify                  Tmut/Erth      #.......     100%        4    #####..
 Metabolic Englaciation   Hex/Ice        #.........   100%        5    ######.
 Silence                  Hex/Air        #.........   100%        5    ######.
 Yara's Violent Unravell  Hex/Tmut       #.........   100%        5    ######.
 Deflect Missiles         Chrm/Air       #.........   100%        6    #######
 Discord                  Hex            #.........   100%        8    #######


Dungeon Overview and Level Annotations

Branches:
Dungeon (9/15)             Temple (0/1) D:5
   Lair: D:8-11         Orc: D:9-12

Altars:
Okawaru

Shops:
D:6 *   D:8 %

Annotations:
D:5 1 exclusion
D:9 Erica


Innate Abilities, Weirdness & Mutations

You are partially covered in thin metallic scales. (AC +2)
A demonic guardian rushes to your aid.
When hurt, damage is shared between your health and your magic reserves.
You are agile. (Dex +2)
Scrolls take you a little longer to read.
Your system is resistant to poisons. (rPois)
You occasionally shout uncontrollably at your foes.


Message History

Unknown command.
Unknown command.
Unknown command.
You miss something.
You feel less confused.
You feel sick. Something hits you!
* * * LOW HITPOINT WARNING * * *
Something burns you. Something hits you!
* * * LOW HITPOINT WARNING * * *
Unknown command.
It was a potion of cancellation.
Your magical effects are unravelling.
You feel magically purged.
You feel yourself speed up.
* * * LOW HITPOINT WARNING * * *
You feel sick.
You hear some strange, mumbled words.
A bolt of poison appears from out of thin air!
The bolt of poison hits you. You resist.
You die...

#.####'#.##.# #
#..##..#.##.# #
#..#...+ #
..####..#...# #.
........'...# +..
..#..#.#####.. ##...
#..#........ ###.
......#####.(...###...
....
......%{@............
....
......)##...........)
....
............##........
....
......................
####
######################


There were no monsters in sight!

Vanquished Creatures
  Sigmund (D:4)
  An orc warrior (D:6)
  2 sky beasts
  A phantom (D:6)
  2 ice beasts
  2 ogres
  3 centaurs
  Dowan (D:7)
  3 bullfrogs
  5 scorpions
  3 killer bees (D:8)
  3 howler monkeys
  A crimson imp (D:8)
  2 jellies
  A centaur skeleton (D:6)
  4 orc priests
  9 orc wizards
  4 worker ants
  3 iguanas
  2 hound skeletons (D:6)
  A worker ant zombie (D:5)
  A howler monkey zombie (D:8)
  3 gnolls
  3 adders
  3 shadow imps
  An ooze (D:4)
  An adder skeleton (D:7)
  3 worms (D:2)
  2 dart slugs
  2 leopard geckos
  24 orcs
  3 giant cockroaches
  4 goblins
  7 hobgoblins
  9 jackals
  5 quokkas
  9 bats
  7 frilled lizards
  4 kobolds
  2 leopard gecko skeletons
  2 quokka skeletons (D:5)
  6 rats
155 creatures vanquished.

Vanquished Creatures (collateral kills)
  A two-headed ogre (D:8)
  Duvessa (D:7)
  An orc warrior (D:5)
  A sky beast (D:5)
  2 phantoms
  2 ogres
  A centaur (D:9)
  2 bullfrogs
  A water moccasin zombie (D:8)
  A hound (D:5)
  An orc wizard (D:5)
  A worker ant (D:5)
  An orc (D:5)
  A jackal (D:8)
17 creatures vanquished.

Vanquished Creatures (others)
  2 orc wizards (D:6)
2 creatures vanquished.

Grand Total: 174 creatures vanquished

Notes
Turn   | Place    | Note
-------+----------+-------------------------------------------
     0 | Abyss:1  | BoppinsLewinski the Demonspawn Abyssal Knight began the
                  | quest for the Orb.
     0 | Abyss:1  | Reached XP level 1. HP: 18/18 MP: 2/2
     0 | D:1      | Escaped the Abyss
    80 | D:1      | Reached skill level 1 in Dodging
   230 | D:1      | Gained mutation: A weak demonic guardian rushes to your
                  | aid. [demonic ancestry]
   230 | D:1      | Reached XP level 2. HP: 23/24 MP: 3/3
   240 | D:1      | Reached * piety under Lugonu
  1270 | D:2      | Reached XP level 3. HP: 16/29 MP: 5/5
  2190 | D:3      | Reached ** piety under Lugonu
  2237 | D:3      | Noticed an ogre
  2250 | D:3      | Killed an ogre
  2250 | D:3      | Gained mutation: When hurt, damage is shared between your
                  | health and your magic reserves. [demonic ancestry]
  2250 | D:3      | Reached XP level 4. HP: 23/35 MP: 6/6
  3000 | D:4      | Found an iron altar of Okawaru.
  3008 | D:4      | Gained mutation: A demonic guardian rushes to your aid.
                  | [demonic ancestry]
  3008 | D:4      | Reached XP level 5. HP: 38/41 MP: 7/7
  3263 | D:4      | Noticed Sigmund
  3303 | D:4      | Killed Sigmund
  3303 | D:4      | Reached XP level 6. HP: 12/48 MP: 3/9
  4458 | D:5      | Entered Level 5 of the Dungeon
  4570 | D:5      | Noticed a sky beast
  4579 | D:5      | Killed a sky beast
  4707 | D:5      | Reached XP level 7. HP: 27/54 MP: 5/10
  4966 | D:5      | Reached skill level 1 in Evocations
  5082 | D:5      | You fall through a shaft for 3 floors!
  5214 | D:8      | Reached skill level 5 in Invocations
  5218 | D:8      | Reached skill level 5 in Polearms
  5613 | D:7      | Reached *** piety under Lugonu
  5613 | D:7      | Gained mutation: You are partially covered in thin metallic
                  | scales. (AC +2) [demonic ancestry]
  5613 | D:7      | Reached XP level 8. HP: 42/61 MP: 7/11
  6002 | D:6      | Found Yjeotit's Assorted Antiques.
  6039 | D:5      | Found a staircase to the Ecumenical Temple.
  6793 | D:5      | Reached skill level 5 in Fighting
  7983 | D:6      | Bought a scroll of teleportation for 84 gold pieces
  7983 | D:6      | Bought a fuming green potion for 25 gold pieces
  8150 | D:6      | Reached XP level 9. HP: 42/68 MP: 8/13
  9032 | D:7      | Gained mutation: Scrolls take you a little longer to read.
                  | [potion of mutation]
  9032 | D:7      | Gained mutation: You occasionally shout uncontrollably at
                  | your foes. [potion of mutation]
  9032 | D:7      | Gained mutation: You are agile. (Dex +2) [potion of
                  | mutation]
  9032 | D:7      | Gained mutation: Your system is resistant to poisons.
                  | (rPois) [potion of mutation]
  9097 | D:7      | Noticed Dowan
  9223 | D:7      | Noticed Duvessa
  9231 | D:7      | Killed Duvessa
  9240 | D:7      | Killed Dowan
  9547 | D:8      | Noticed a two-headed ogre
  9556 | D:8      | Killed a two-headed ogre
  9894 | D:8      | Reached skill level 5 in Armour
 10218 | D:8      | Found Oxuev's Food Shop.
 10431 | D:9      | Reached **** piety under Lugonu
 11056 | D:9      | Noticed Erica
 11086 | D:9      | HP: 2/69 [something (5)]
 11087 | D:9      | Killed from afar by Erica

Skill      XL: |  1  2  3  4  5  6  7  8  9 |
---------------+----------------------------+-----
Polearms       | 2 3 4 5 6 7 |  7.4
Dodging        | 1 2 3 4 |  4.9
Armour         | 2 3 4 5 |  5.2
Invocations    | 3 4 5 6 7 |  7.4
Fighting       | 4 5 6 |  6.3
Evocations     | 2 3 4 |  4.5

Action                   |  1- 3 |  4- 6 |  7- 9 || total
-------------------------+-------+-------+-------++-------
Melee: Spear             |   159 |    99 |       ||   258
       Scythe            |       |    36 |   559 ||   595
Invok: Depart the Abyss  |     1 |       |       ||     1
       Banish            |       |       |     2 ||     2
Evoke: Wand              |       |       |     7 ||     7
  Use: Scroll            |     4 |     6 |     6 ||    16
       Potion            |       |     3 |     9 ||    12
 Stab: Sleeping          |     1 |       |       ||     1
       Distracted        |       |       |     1 ||     1
       Invisible         |       |       |     4 ||     4
  Eat: Chunk             |     4 |     5 |    12 ||    21
       Ration            |       |     1 |     3 ||     4
Armor: Leather armour    |     7 |       |       ||     7
       Chain mail        |    38 |    61 |   538 ||   637
Dodge: Dodged            |    37 |    29 |   351 ||   417
